 Dungeon Crawl Stone Soup version 0.19-a0-1490-g5dd3618 (webtiles) character file.

280 Kidiri the Magician (level 6, 0/32 HPs)
             Began as a Deep Elf Fire Elementalist on Sept 8, 2016.
             Killed by divine providence
             ... invoked by an orc priest
              (14 damage)
             ... on level 3 of the Dungeon.
             The game lasted 00:08:25 (2978 turns).

Kidiri the Magician (Deep Elf Fire Elementalist)    Turns: 2978, Time: 00:08:26

Health: 0/32       AC:  4    Str:  5    XL:     6   Next: 5%
Magic:  0/17       EV: 13    Int: 22    God:
Gold:   78         SH:  3    Dex: 15    Spells: 5 memorised, 4 levels left

rFire  . . .     SeeInvis .     u - -2 short sword (curse)
rCold  + . .     Gourm    .     f - +0 robe {rC+}
rNeg   . . .     Faith    .     (no shield)
rPois  .         Spirit   .     (no helmet)
rElec  .         Dismiss  .     l - +0 cloak (curse)
rCorr  .         Reflect  +     (no gloves)
MR     .....     Harm     .     t - +0 pair of boots
Stlth  ++........               d - +3 amulet of reflection
                                (no ring)
                                (no ring)

@: no status effects
A: no striking features
a: no special abilities


You were on level 3 of the Dungeon.
You were not hungry.

You visited 1 branch of the dungeon, and saw 3 of its levels.

You collected 78 gold pieces.

Inventory:

Hand Weapons
 e - a +7 dagger
 m - a +0 dagger
 u - a cursed -2 short sword (weapon)
Armour
 f - a +0 robe of cold resistance (worn)
 l - a cursed +0 cloak (worn)
 t - a +0 pair of boots (worn)
Jewellery
 d - a +3 amulet of reflection (around neck)
Scrolls
 j - 2 scrolls of teleportation
Potions
 g - a potion of magic
 h - 2 potions of heal wounds
 i - 3 potions of curing {unknown}
 n - a potion of degeneration {unknown}
 o - a potion of flight {unknown}
 r - a potion of agility
 s - a potion of lignification {unknown}
Books
 b - a book of Flames

   Spells                             Type                      Level
   a - Flame Tongue                   Conjuration/Fire             1
   b - Throw Flame                    Conjuration/Fire             2
   c - Conjure Flame                  Conjuration/Fire             3
   d - Inner Flame                    Hexes/Fire                   3
   e - Sticky Flame                   Conjuration/Fire             4
   f - Fireball                       Conjuration/Fire             5
Comestibles
 c - 3 bread rations
 k - a beef jerky
 p - 2 fruits
 q - 3 chunks of flesh


   Skills:
 - Level 2.4 Dodging
 - Level 2.4 Stealth
 * Level 6.2 Spellcasting
 + Level 3.7 Conjurations
 + Level 4.5 Fire Magic


You had 4 spell levels left.
You knew the following spells:

 Your Spells              Type           Power        Failure   Level  Hunger
a - Flame Tongue          Conj/Fire      ####.        1%          1    None
b - Throw Flame           Conj/Fire      ####..       2%          2    None
c - Conjure Flame         Conj/Fire      ####....     6%          3    #......
d - Inner Flame           Hex/Fire       ###.....     12%         3    #......
e - Sticky Flame          Conj/Fire      ####....     17%         4    ###....


Dungeon Overview and Level Annotations

Branches:
Dungeon (3/15)

Altars:


Message History

Aim: an orc The flame tongue hits the orc.
You kill the orc!
The orc priest miscasts a cantrip.
The orc priest mumbles some strange prayers to Beogh against you.
Beogh smites you!
You see here a hobgoblin corpse.
You hit the orc priest but do no damage.
You block the goblin's attack. The orc priest barely misses you.
Casting: Flame Tongue
Confirm with . or Enter, or press ? or * to list all spells.
Aiming: Flame Tongue
Press: ? - help, Shift-Dir - straight line, f - goblin
Aim: a goblin, wielding a dagger The flame tongue hits the goblin.
The goblin is heavily wounded.
You block the goblin's attack.
The orc priest invokes the aid of Beogh against you.
Beogh smites you!
You die...

##########.##.#.)g...
#...# ..#g# )%... #...#
#.#.# .... ###...# #.#.#
... ......#
###..g####### #####.#
#............ ....#.#
#.##..#######
.##+#.###.##..##########
..........##..og@.......
..........##..g########.
#.........###..#
#.........# #..#
###.#.###.# #.[# ##
#.#.# #....>.. ..
###.#.############.####
#......................
#.........[.###.#.#.##


You could see an orc priest and 2 goblins.

Vanquished Creatures
  A giant frog (D:1)
  Crazy Yiuf (D:2)
  An orc priest (D:3)
  Jessica (D:2)
  Robin (D:3)
  3 adders (D:2)
  2 worms (D:2)
  3 dart slugs (D:1)
  2 giant geckos
  3 orcs (D:3)
  3 giant cockroaches (D:1)
  9 goblins
  10 hobgoblins
  8 jackals
  6 kobolds
  4 quokkas
  8 bats
  3 giant newts
  5 rats
  A fungus (D:2)
75 creatures vanquished.

Notes
Turn   | Place    | Note
-------+----------+-------------------------------------------
     0 | D:1      | Kidiri the Deep Elf Fire Elementalist began the quest for the Orb.
     0 | D:1      | Reached XP level 1. HP: 10/10 MP: 6/6
   277 | D:1      | Reached XP level 2. HP: 15/15 MP: 0/8
   281 | D:1      | Learned a level 2 spell: Throw Flame
   730 | D:1      | Reached skill level 4 in Spellcasting
  1158 | D:1      | Reached XP level 3. HP: 19/19 MP: 4/10
  1163 | D:1      | Learned a level 3 spell: Conjure Flame
  1210 | D:1      | Learned a level 3 spell: Inner Flame
  1311 | D:1      | Noticed a giant frog
  1314 | D:1      | Killed a giant frog
  1314 | D:1      | Reached XP level 4. HP: 21/24 MP: 5/12
  1361 | D:1      | Reached skill level 5 in Spellcasting
  1540 | D:1      | Learned a level 4 spell: Sticky Flame
  1710 | D:2      | Noticed Jessica
  1715 | D:2      | Killed Jessica
  1715 | D:2      | Reached XP level 5. HP: 24/28 MP: 6/14
  2544 | D:2      | Found a runed door.
  2624 | D:2      | Noticed Crazy Yiuf
  2633 | D:2      | Killed Crazy Yiuf
  2738 | D:2      | Reached skill level 6 in Spellcasting
  2947 | D:3      | Noticed Robin
  2957 | D:3      | Killed Robin
  2957 | D:3      | Reached XP level 6. HP: 32/32 MP: 0/17
  2978 | D:3      | Killed from afar by an orc priest

Vault maps used:
D:1:      lemuel_arrival_muddy, minmay_cut_off
D:2:      minmay_kobold_bridge, minmay_misc_feat_enclosed, uniq_jessica,
          uniq_crazy_yiuf_cottage
D:3:      kennysheep_generic_room_10, uniq_iyjb, uniq_robin

Skill      XL: |  1  2  3  4  5 |
---------------+----------------+-----
Spellcasting   | 4 5 6 |  6.2
Conjurations   | 2 3 |  3.7
Fire Magic     | 4 |  4.5
Dodging        | |  2.4
Stealth        | |  2.4

Action                   |  1- 3 |  4- 6 || total
-------------------------+-------+-------++-------
Melee: Club              |     4 |       ||     4
       Dagger            |     2 |    12 ||    14
       Short sword       |       |    40 ||    40
 Cast: Flame Tongue      |    42 |    69 ||   111
       Throw Flame       |     2 |     8 ||    10
       Sticky Flame      |       |     2 ||     2
       Inner Flame       |       |     3 ||     3
       Conjure Flame     |       |     2 ||     2
  Use: Scroll            |       |    10 ||    10
 Stab: Sleeping          |     1 |     3 ||     4
  Eat: Chunk             |     1 |     6 ||     7
Armor: Robe              |     1 |     8 ||     9
Dodge: Dodged            |    14 |    28 ||    42
Block: Other             |     1 |     7 ||     8
